 Dungeon Crawl Stone Soup version 0.17.0-28-g6e173f8 (webtiles) character file.

33 Peloso the Shield-Bearer (level 3, 0/33 HPs)
             Began as a Minotaur Fighter on Nov 27, 2015.
             Was an Initiate of Okawaru.
             Slain by a worm (7 damage)
             ... on level 2 of the Dungeon.
             The game lasted 00:05:23 (1492 turns).

Peloso the Shield-Bearer (Minotaur Fighter)         Turns: 1492, Time: 00:05:23

Health: 0/33       AC:  7    Str: 20    XL:     3   Next: 12%
Magic:  2/2        EV:  8    Int:  5    God:    Okawaru [......]
Gold:   42         SH:  9    Dex: 10    Spells: 0 memorised, 2 levels left

rFire  . . .     SeeInvis .     a - +0 long sword
rCold  . . .     Clarity  .     b - +0 scale mail
rNeg   . . .     SustAt   .     c - +0 shield
rPois  .         Gourm    .     (helmet restricted)
rElec  .         Spirit   .     (no cloak)
rCorr  .         Warding  .     (no gloves)
rMut   .         Stasis   .     (no boots)
MR     .....                    h - amulet of inaccuracy (curse)
Stlth  ..........               (no ring)
                                (no ring)

@: lethally poisoned (0 -> -2), not resistant to hostile enchantments, extremely
unstealthy
A: retaliatory headbutt, horns 2
a: Renounce Religion


You were on level 2 of the Dungeon.
You worshipped Okawaru.
Okawaru was noncommittal.
You were not hungry.

You visited 1 branch of the dungeon, and saw 2 of its levels.

You collected 42 gold pieces.

Inventory:

Hand Weapons
 a - a +0 long sword (weapon)
Armour
 b - a +0 scale mail (worn)
 c - a +0 shield (worn)
Jewellery
 h - a cursed amulet of inaccuracy (around neck)
Scrolls
 g - a scroll of fear {unknown}
 i - 2 scrolls of blinking {unknown}
 j - a scroll of recharging {unknown}
 l - 2 scrolls of identify {unknown}
 o - a scroll of noise {unknown}
 q - a scroll of fog {unknown}
Potions
 d - a potion of might
 f - a potion of brilliance {unknown}
 k - 2 potions of heal wounds {unknown}
 m - a potion of invisibility {unknown}
Comestibles
 e - a bread ration
 n - 5 chunks of flesh
 p - a meat ration


   Skills:
 + Level 3.9 Fighting
 + Level 2.6 Long Blades
 + Level 4.0 Armour
 + Level 1.2 Dodging
 + Level 4.1 Shields


You had 2 spell levels left.
You didn't know any spells.

Dungeon Overview and Level Annotations

Branches:
Dungeon (2/15)

Altars:
Okawaru


Innate Abilities, Weirdness & Mutations

You reflexively headbutt those who attack you in melee.
You have a pair of horns on your head.


Message History

You block the adder's attack. The worm barely misses you.
You block the adder's attack.
You miss the adder. The adder closely misses you. You furiously retaliate!
You headbutt the adder, but do no damage.
The adder barely misses you. You block the worm's attack.
You closely miss the adder. Your headbutt misses the adder.
The adder bites you but does no damage.
You closely miss the adder. You block the adder's attack. The worm bites you!
* * * LOW HITPOINT WARNING * * *
You block the adder's attack.
You miss the adder. Your headbutt misses the adder.
The adder barely misses you. The worm barely misses you. The adder bites you.
* * * LOW HITPOINT WARNING * * *
You are poisoned.
The adder poisons you!
You miss the adder.
You feel sick. The adder bites you but does no damage.
The worm completely misses you.
You barely miss the adder. You block the adder's attack.
You block the adder's attack. The worm bites you!
You die...

#. .. .# ##. #.. #.#
#S# # #. ####@###.# #..
###....w...#. ###..
####....(........
...[..
#......(....##### #..#
#.. #.##.#.##...# #..#
#.. # #.#.##...# #..#
#..
#.#.##...#######..###..
# #...........##.......
####[.......###.####.


You could see a worm and an adder.

Vanquished Creatures
  A worm (D:2)
  2 giant geckos (D:1)
  A ball python (D:1)
  6 bats
  A giant cockroach (D:2)
  2 goblins (D:1)
  4 hobgoblins (D:1)
  2 kobolds
  A giant newt (D:1)
  3 jackals (D:2)
  3 rats (D:1)
26 creatures vanquished.

Notes
Turn   | Place    | Note
--------------------------------------------------------------
     0 | D:1      | Peloso the Minotaur Fighter began the quest for the Orb.
     0 | D:1      | Reached XP level 1. HP: 19/19 MP: 0/0
   250 | D:1      | Reached XP level 2. HP: 6/27 MP: 1/1
   988 | D:1      | Reached skill level 4 in Armour
  1269 | D:2      | Found an iron altar of Okawaru.
  1283 | D:2      | Became a worshipper of Warmaster Okawaru
  1438 | D:2      | Reached skill level 1 in Dodging
  1446 | D:2      | Reached XP level 3. HP: 33/33 MP: 2/2
  1492 | D:2      | Slain by a worm

Action                   || total
-------------------------++-------
Melee: Long sword        ||    93
  Eat: Chunk             ||     2
